Map: Ice and Chrome LE

Players

AfreecaDRG (DRG) - Winner!

  • Race: Zerg Zerg
  • Spawn Location: 1:00

INnoVation

  • Race: Terran Terran
  • League: Grandmaster
  • Spawn Location: 7:00

Event: War Chest Team League

VOD

Have the link to the VOD?

Description

Time

  • Played on: Aug. 2, 2020, 9:12 a.m.
  • Length: 5:33

All games in this series

Show
View Real Time Build Order
Export as new Build Order

AfreecaDRG Zerg - Winner!

Build Orders: Hatch First, Ravager All-In 

Get SALT Encoding   

  12  0:00  Drone  
  13  0:12  Overlord  
  13  0:17  Drone  
  14  0:30  Drone x2  
  16  0:48  Hatchery  
  15  0:51  Drone  
  15  0:55  Drone  
  17  0:58  Drone  
  18  1:08  Extractor  
  17  1:13  Spawning Pool  
  17  1:16  Drone  
  17  1:19  Drone  
  18  1:28  Drone  
  19  1:39  Drone  
  20  1:50  Drone  
  21  2:00  Queen x2  
  25  2:02  Zergling x4  
  27  2:08  Metabolic Boost  
  27  2:12  Overlord  
  27  2:13  Drone  
  28  2:33  Drone x2  
  28  2:34  Drone  
  28  2:35  Drone  
  28  2:36  Queen  
  33  2:43  Overlord  
  33  2:45  Drone  
  34  2:54  Drone x2  
  36  3:02  Extractor, Roach Warren  
  36  3:05  Zergling x2  
  35  3:07  Drone  
  35  3:09  Drone x3  
  35  3:10  Drone x3  
  42  3:17  Overlord  
  42  3:18  Overlord  
  42  3:41  Overlord  
  42  3:45  Roach  
  42  3:46  Roach x5  
  54  3:51  Roach  
  56  3:57  Roach  
  56  4:01  Roach  
  56  4:02  Roach  
  62  4:03  Hatchery  
  62  4:06  Zergling x4  
  62  4:14  Zergling x4  
  64  4:19  Ravager x2  
  64  4:20  Overlord  
  64  4:21  Overlord  
  64  4:23  Zergling x4  
  68  4:27  Overlord  
  68  4:33  Overlord  
  68  4:40  Zergling x8  
  72  4:46  Zergling x2  
  72  4:50  Zergling x2  
  73  4:57  Zergling x12  
  73  4:59  Ravager x3  
  82  5:03  Zergling x2  
  81  5:15  Zergling x6  
Show
View Real Time Build Order
Export as new Build Order

INnoVation Terran 

Build Orders: Reaper Expand 

Get SALT Encoding   

  12  0:00  SCV  
  13  0:12  SCV  
  14  0:17  Supply Depot  
  14  0:24  SCV  
  15  0:38  SCV  
  15  0:39  Barracks  
  16  0:43  Refinery  
  16  0:50  SCV  
  17  1:02  SCV  
  18  1:14  SCV  
  19  1:26  Orbital Command, Reaper  
  20  1:39  Command Center  
  20  1:49  Supply Depot  
  20  1:52  SCV  
  21  1:58  Marine  
  22  2:04  SCV  
  23  2:12  Factory  
  23  2:20  Barracks Reactor  
  23  2:22  SCV  
  24  2:34  SCV  
  25  2:40  Command Center  
  25  2:46  SCV  
  26  2:51  Orbital Command  
  26  2:58  SCV  
  27  3:00  Starport  
  27  3:03  Refinery  
  27  3:10  SCV  
  30  3:12  Hellion  
  30  3:16  Hellion  
  30  3:19  SCV  
  33  3:22  SCV  
  34  3:36  Viking  
  34  3:38  SCV x2  
  34  3:39  Hellion x2  
  41  3:50  SCV x2  
  41  3:52  Refinery, Orbital Command  
  43  3:55  Refinery  
  42  4:05  SCV x2  
  44  4:12  Factory  
  44  4:14  Factory  
  45  4:17  SCV x2  
  45  4:18  SCV  
  47  4:28  Supply Depot  
  47  4:29  SCV x2  
  47  4:30  SCV  
  50  4:34  Armory  
  50  4:35  Armory  
  50  4:37  Barracks Tech Lab, Starport Tech Lab  
  50  4:41  SCV x2  
  50  4:42  SCV  
  53  4:47  Hellion  
  56  4:53  Hellion  
  52  5:01  SCV x2  
  57  5:08  Hellion  
  57  5:10  Hellion  
  58  5:20  SCV x2  
Tags
 
Add a new tag
Caveats
  • Supply blocks, unpowered buildings, or Contaminate may cause inaccurate times.
  • Supply counts are checked every 10 seconds.